 Dungeon Crawl Stone Soup version 0.21.1-1-g345015f (webtiles) character file.

301 diana the Slasher (level 6, -11/44 HPs)
             Began as a Demonspawn Gladiator on June 3, 2018.
             Was an Initiate of Ru.
             Mangled by Pikel
             ... wielding a +1 whip of electrocution
              (16 damage)
             ... on level 5 of the Dungeon.
             The game lasted 00:04:12 (2318 turns).

diana the Slasher (Demonspawn Gladiator)            Turns: 2318, Time: 00:04:13

Health: -11/44     AC:  8    Str: 12 (14) XL:     6   Next: 14%
Magic:  6/6        EV: 12    Int: 13 (15) God:    Ru [......]
Gold:   87         SH:  0    Dex: 15 (16) Spells: 5/5 levels left

rFire    . . .     SeeInvis .   a - +0 long sword
rCold    . . .     Gourm    .   (no shield)
rNeg     . . .     Faith    .   b - +0 leather armour
rPois    .         Spirit   .   v - +1 helmet
rElec    .         Reflect  .   (no cloak)
rCorr    .         Harm     .   (no gloves)
MR       .....                  (no boots)
Stlth    +.........             (no amulet)
HPRegen  0.14/turn              (no ring)
MPRegen  0.10/turn              (no ring)

@: confused, brilliant, very slightly contaminated
A: claws 1, icy blue scales 2
a: Renounce Religion


You were on level 5 of the Dungeon.
You worshipped Ru.
Ru was noncommittal.
You were hungry.

You visited 1 branch of the dungeon, and saw 4 of its levels.

You collected 87 gold pieces.

Inventory:

Hand Weapons
 a - a +0 long sword (weapon)
Missiles
 d - 5 throwing nets (quivered)
Armour
 b - a +0 leather armour (worn)
 c - a +0 helmet
 k - a +0 shield
 v - a +1 helmet (worn)
Jewellery
 e - an uncursed amulet of faith {unknown}
 r - an uncursed ring of magical power {unknown}
 u - a +5 ring of dexterity {unknown}
 x - an uncursed ring of ice {unknown}
Scrolls
 g - a scroll of fog {unknown}
 i - a scroll of teleportation {unknown}
 l - 4 scrolls of identify {unknown}
 m - a scroll of blinking {unknown}
 o - 3 scrolls of fear {unknown}
 p - 3 scrolls of remove curse {unknown}
 q - a scroll of amnesia {unknown}
 s - 2 scrolls of enchant armour {unknown}
Books
 y - a Young Poisoner's Handbook

   Spells                             Type                      Level
   a - Sting                          Conjuration/Poison           1
   b - Poisonous Vapours              Poison/Air                   2
   c - Mephitic Cloud                 Conjuration/Poison/Air       3
   d - Olgreb's Toxic Radiance        Poison                       4
   e - Venom Bolt                     Conjuration/Poison           5
Comestibles
 f - 4 rations


   Skills:
 - Level 2.0 Fighting
 + Level 6.3 Long Blades
 - Level 1.7 Throwing
 - Level 2.6 Dodging


You had 5 spell levels left.
You didn't know any spells.

Dungeon Overview and Level Annotations

Branches:
Dungeon (5/15)
 Temple: D:4-7

Altars:
Fedhas
Kikubaaqudgha
Nemelex Xobeh
Ru

Annotations:
D:5 Pikel


Innate Abilities, Weirdness & Mutations

You have sharp fingernails.
You are mostly covered in icy blue scales. (AC +3)


Message History

You flicker back into view.
Pikel zaps a wand.
Your will is overpowered!
You are confused.
You bump into the rock wall.
Pikel zaps a wand.
Your will is overpowered!
You are more confused.
You bump into the rock wall.
You miss Pikel.
Pikel hits you with a whip of electrocution.
* * * LOW HITPOINT WARNING * * *
You bump into the rock wall.
Pikel hits you with a whip of electrocution.
* * * LOW HITPOINT WARNING * * *
You bump into the rock wall.
Pikel misses you.
You bump into the rock wall.
Pikel barely misses you.
Pikel zaps a wand.
Your will is overpowered!
You are more confused.
You're too confused to move!
You bump into the rock wall.
Pikel hits you but does no damage.
You are electrocuted!
You die...

#.#.##
#..#5.∩
#..#.#
##.##(.
###.##
#..###
#.#
##....
#.#
###..
#.# #..
##.##
##.
##...##
#.
#.#@#.#
##.
##.K.##
#..
##p##
##.#
#p#
##...
#.#
#....
#p#
#....
#p# #..
#.# ###
#.# #


You could see Pikel and 4 slaves.

Vanquished Creatures
  A necrophage (D:5)
  A bullfrog (D:3)
  A hound (D:3)
  5 adders
  An ooze (D:1)
  A worm (D:2)
  4 dart slugs
  A leopard gecko (D:3)
  9 bats
  3 giant cockroaches
  10 goblins
  7 hobgoblins
  4 jackals (D:5)
  A ball python (D:1)
  4 frilled lizards
  4 kobolds (D:1)
  7 rats
64 creatures vanquished.

Notes
Turn   | Place    | Note
-------+----------+-------------------------------------------
     0 | D:1      | diana the Demonspawn Gladiator began the quest for the Orb.
     0 | D:1      | Reached XP level 1. HP: 16/16 MP: 1/1
   124 | D:1      | Reached skill level 3 in Long Blades
   132 | D:1      | Gained mutation: You are partially covered in icy blue scales. (AC +2) [demonic ancestry]
   132 | D:1      | Reached XP level 2. HP: 18/22 MP: 2/2
   380 | D:1      | Gained mutation: You have sharp fingernails. [demonic ancestry]
   380 | D:1      | Reached XP level 3. HP: 22/27 MP: 3/3
   896 | D:2      | Reached skill level 4 in Long Blades
  1194 | D:2      | Found a sparkling altar of Nemelex Xobeh.
  1343 | D:2      | Reached XP level 4. HP: 30/33 MP: 4/4
  1731 | D:3      | Noticed a bullfrog
  1736 | D:3      | Killed a bullfrog
  1736 | D:3      | Reached skill level 5 in Long Blades
  1736 | D:3      | Reached XP level 5. HP: 27/38 MP: 5/5
  1802 | D:3      | Found a sacrificial altar of Ru.
  1846 | D:3      | Became a worshipper of Ru the Awakened
  1874 | D:3      | You fall through a shaft for 2 floors!
  1874 | D:5      | Entered Level 5 of the Dungeon
  1973 | D:5      | Found a blossoming altar of Fedhas.
  2061 | D:5      | Found an ancient bone altar of Kikubaaqudgha.
  2072 | D:5      | Noticed a necrophage
  2080 | D:5      | Killed a necrophage
  2080 | D:5      | Reached skill level 6 in Long Blades
  2080 | D:5      | Gained mutation: You are mostly covered in icy blue scales. (AC +3) [demonic ancestry]
  2080 | D:5      | Reached XP level 6. HP: 36/42 MP: 6/6
  2280 | D:5      | Noticed Pikel
  2280 | D:5      | Noticed a slave
  2281 | D:5      | Noticed a slave
  2281 | D:5      | Noticed a slave
  2283 | D:5      | Noticed a slave
  2318 | D:5      | Mangled by Pikel

Skill      XL: |  1  2  3  4  5 |
---------------+----------------+-----
Long Blades    | 3 4 5 6 |  6.3
Fighting       | |  2.0
Throwing       | |  1.7
Dodging        | |  2.6

Action                   |  1- 3 |  4- 6 || total
-------------------------+-------+-------++-------
Melee: Long sword        |   128 |    96 ||   224
  Use: Potion            |     1 |     5 ||     6
 Stab: Invisible         |     2 |     2 ||     4
  Eat: Chunk             |     1 |     3 ||     4
Armor: Leather armour    |    52 |    36 ||    88
Dodge: Dodged            |    91 |    69 ||   160
       Rpst.: Long sword |    30 |    25 ||    55
